[Event "*** Titled Tuesday Blitz"]
[Site "Chess.com"]
[Date "2021.03.02"]
[Round "1"]
[White "Anton_Demchenko"]
[Black "redblizzard"]
[Result "1-0"]
[WhiteElo "2910"]
[BlackElo "2455"]
[TimeControl "180+1"]
[EndTime "10:06:49 PST"]
[Termination "Anton_Demchenko won by resignation"]

1. e4 e5 2. Nf3 Nc6 3. Bc4 Nf6 4. d3 Be7 5. Bg5 O-O 6. O-O d6 7. a4 a6 8. Nbd2 Be6 9. Bxe6 fxe6 10. c3 Qe8 11. Qb3 Nd8 12. d4 exd4 13. cxd4 Nh5 14.
Be3 Kh8 15. Rac1 c6 16. Rfe1 Qg6 17. a5 Rb8 18. Kh1 Nf7 19. d5 exd5 20. exd5 c5 21. Bxc5 dxc5 22. Rxe7 Nf4 23. g3 Nh3 24. Rf1 Nd6 25.
Re6 Rf6 26. Qe3 h6 27. Qe5 Rbf8 28. Qxd6 Qd3 29. Kg2 Rxf3 30. Nxf3 Rxf3 31. Kxh3 Qxf1+ 32. Kg4 Qxf2 33. Qe5 Kh7 34. Qe4+ 1-0

[Event "*** Titled Tuesday Blitz"]
[Site "Chess.com"]
[Date "2021.03.02"]
[Round "1"]
[White "alejogarcia1999"]
[Black "digilik"]
[Result "1/2-1/2"]
[WhiteElo "2540"]
[BlackElo "2243"]
[TimeControl "180+1"]
[EndTime "10:06:49 PST"]
[Termination "Game drawn by repetition"]

1. d4 Nf6 2. c4 g6 3. Nc3 Bg7 4. e4 d6 5. h3 O-O 6. Be3 c5 7. d5 h6 8. Nf3 e6 9. Bd3 Na6 10.
O-O Nc7 11. Qd2 Kh7 12. Rad1 e5 13. Nh2 Nh5 14. Ne2 f5 15. f4 exf4 16. Bxf4 fxe4 17.
Bxe4 Nxf4 18. Nxf4 Bf5 19. Qd3 Qg5 20. Nxg6 Bxg6 21.
Nf3 Qg3 22. Rd2 Rae8 23. Bxg6+ Qxg6 24. Qb3 b6 25. Qa4 Rf7 26. Qxa7 Nxd5 27. Ng5+ hxg5 28. Qxf7 Qxf7 29. Rxf7 Nf4 30. Rxd6 Kg8 31. Rdd7 Bd4+ 32. Kh2 Re2 33. Rfe7 Rxg2+ 34. Kh1 Rg1+ 35. Kh2 Rg2+ 36.
Kh1 Rg1+ 37. Kh2 Rg2+ 1/2-1/2

[Event "*** Titled Tuesday Blitz"]
[Site "Chess.com"]
[Date "2021.03.02"]
[Round "1"]
[White "Savagelittlemole"]
[Black "jasonbolivar"]
[Result "1-0"]
[WhiteElo "2504"]
[BlackElo "2095"]
[TimeControl "180+1"]
[EndTime "10:06:49 PST"]
[Termination "Savagelittlemole won by resignation"]

1. e4 c5 2. Ne2 d6 3. g3 g6 4. Bg2 Bg7 5. O-O Nc6 6. c3 e6 7. d4 cxd4 8. cxd4 e5 9. d5 Nce7 10. Nbc3 f5 11. Qa4+ Qd7 12. Qb4 a6 13. Na4 Qc7 14.
Nb6 Rb8 15. Nc4 Kd7 16. Be3 b5 17. Nxd6 Qxd6 18. Bc5 Qf6 19. Rac1 Bb7 20. f4 Nh6 21. fxe5 Qxe5 22. Bd4 Qd6 23. Qxd6+ Kxd6 24. Bxg7 Ng4 25. Bxh8 Rxh8 26. Nd4 Ne3 27. Rfe1 Nxg2 28. Kxg2 fxe4 29. Kg1 Bxd5 30. a3 Nf5 31. Rcd1 Rc8 32. Ne2 Ke5 33. Nc3 Nd4 34. Kf2 Bb3 35. Rxe4+ Kf5 36. Rdxd4 1-0

[Event "*** Titled Tuesday Blitz"]
[Site "Chess.com"]
[Date "2021.03.02"]
[Round "1"]
[White "blitis"]
[Black "PattyCastillo"]
[Result "1-0"]
[WhiteElo "2495"]
[BlackElo "2033"]
[TimeControl "180+1"]
[EndTime "10:06:49 PST"]
[Termination "blitis won by resignation"]

1. e4 c5 2. Nf3 d6 3. d4 cxd4 4. Nxd4 Nf6 5. Nc3 a6 6. Bg5 e6 7. Qe2 h6 8. Bh4 Qb6 9. O-O-O Be7 10. f4 Nbd7 11. Kb1 Qc7 12. g4 b5 13. a3 Bb7 14.
Bg2 Rc8 15. Rhe1 Nc5 16. e5 dxe5 17. fxe5 Nfd7 18. Bxe7 Kxe7 19. Ndxb5 axb5 20. Nxb5 Qb8 21. Bxb7 Nxb7 22. Qd2 Rhd8 23. Qb4+ Ndc5 24. Rxd8 Rxd8 25. Nd6 Nxd6 26. Qxc5 Rc8 27. exd6+ Qxd6 28. Qxc8 1-0

[Event "*** Titled Tuesday Blitz"]
[Site "Chess.com"]
[Date "2021.03.02"]
[Round "1"]
[White "Elshan1985"]
[Black "SanchezKelvin"]
[Result "1-0"]
[WhiteElo "2884"]
[BlackElo "2442"]
[TimeControl "180+1"]
[EndTime "10:06:50 PST"]
[Termination "Elshan1985 won by resignation"]

1. Nf3 c5 2. e4 d6 3. d4 cxd4 4. Nxd4 Nf6 5. Nc3 g6 6. Be3 Bg7 7. f3 O-O 8. Bc4 Nc6 9. Bb3 Bd7 10. Qd2 Rc8 11. h4 h5 12. O-O-O Ne5 13. Kb1 Re8 14. Bh6 Rxc3 15. Bxg7 Rxb3 16. Qh6 Rxb2+ 17. Kxb2 Nh7 18. Bxe5 dxe5 19. Nb3 Qc7 20. Rd3 a5 21. Rhd1 Be6 22. Rc3 Qb6 23. Qe3 Qb5 24. Rc5 Qb6 25. Rc3 Qb5 26. Qc5 Qe2 27. Rd2 Qe1 28. Qxa5 Bxb3 29.
Rxb3 Nf6 30. Rd5 Qxh4 31. Rxe5 Qh2 32. Rg5 Qf4 33. Rgb5 h4 34. Rxb7 Qg3 35. Qd2 Rc8 36. a4 Nh5 37. f4 Qxf4 38. Qxf4 Nxf4 39. g3 hxg3 40. Rxg3 Ne6 41. Rc3 Ra8 42. Kb3 Ra5 43.
Rxe7 Nc5+ 44. Kb4 Nxa4 45. Rc8+ Kg7 46. Kxa5 1-0

[Event "*** Titled Tuesday Blitz"]
[Site "Chess.com"]
[Date "2021.03.02"]
[Round "1"]
[White "Diamantidis_13"]
[Black "Durarbayli"]
[Result "1/2-1/2"]
[WhiteElo "2421"]
[BlackElo "2778"]
[TimeControl "180+1"]
[EndTime "10:06:50 PST"]
[Termination "Game drawn by agreement"]

1. d4 Nf6 2. c4 e6 3. g3 c5 4. Nf3 cxd4 5. Nxd4 d5 6. Bg2 e5 7. Nf3 d4 8. O-O Nc6 9. e3 Be7 10. exd4 exd4 11. Re1 O-O 12. Bf4 Be6 13. Nbd2 Qb6 14. Qb3 Qxb3 15. Nxb3 Bb4 16. Red1 Bxc4 17. Nfxd4 Nxd4 18. Rxd4 Bxb3 19. Rxb4 Bd5 20. Bxd5 Nxd5 21. Rxb7 Nxf4 22.
gxf4 Rfb8 23. Rxb8+ Rxb8 24. Rd1 g6 25. b3 Rb4 26. Rd7 a5 27. Ra7 Rb5 28. Kf1 Kg7 29. Ke2 Kf6 30. Kd3 Rh5 31. Ke3 Ke6 32. Ra6+ Ke7 33.
a4 Kd7 34. Ra7+ Kc6 35. Rxf7 Rh3+ 36. f3 Rxh2 37. f5 Rb2 38. f6 Rxb3+ 39. Ke4 Kd6 40.
Rxh7 Rb4+ 41. Ke3 Ke6 42. f7 Ke7 43. Rg7 Rxa4 44. Rxg6 Kxf7 1/2-1/2

[Event "*** Titled Tuesday Blitz"]
[Site "Chess.com"]
[Date "2021.03.02"]
[Round "1"]
[White "losersgame"]
[Black "Iskusnyh"]
[Result "0-1"]
[WhiteElo "2309"]
[BlackElo "2613"]
[TimeControl "180+1"]
[EndTime "10:06:51 PST"]
[Termination "Iskusnyh won on time"]

1. d4 d5 2. c4 c6 3. Nc3 Nf6 4. Nf3 a6 5. a4 e6 6. g3 Nbd7 7.
Bg2 a5 8. O-O Bb4 9. Qc2 O-O 10.
b3 b6 11. Rd1 Qe7 12. Bf4 Ba6 13. Na2 Ba3 14. Ne5 Nxe5 15. Bxe5 Rac8 16. Nc1 Nd7 17. Bf4 Bb4 18. e4 dxc4 19. bxc4 e5 20. Be3 exd4 21. Bxd4 Ne5 22. Bxb6 Nxc4 23. Bd4 c5 24. Bc3 Ne5 25.
h3 Qf6 26. Bb2 Qe7 27. f4 Nc4 28. Bc3 Ne3 0-1

[Event "*** Titled Tuesday Blitz"]
[Site "Chess.com"]
[Date "2021.03.02"]
[Round "1"]
[White "francyIM"]
[Black "Xeniya2005"]
[Result "1-0"]
[WhiteElo "2684"]
[BlackElo "2361"]
[TimeControl "180+1"]
[EndTime "10:06:53 PST"]
[Termination "francyIM won by resignation"]

1. d4 Nf6 2. Nf3 e6 3. Bf4 d5 4. e3 c5 5. c3 Nc6 6. Nbd2 Be7 7. Bd3 h6 8. Ne5 Nxe5 9. Bxe5 Bd6 10. Bb5+ Kf8 11. O-O Bxe5 12. dxe5 Nd7 13. f4 g6 14. e4 Qb6 15. c4 d4 16. Qb3 Nb8 17. Qa3 a6 18.
Nb3 Kg7 19. Ba4 Bd7 20. Qxc5 Qxc5 21. Nxc5 Bxa4 22. Nxa4 Nc6 23. c5 Rad8 24. Rfd1 d3 25.
Rd2 Rd4 26. Nc3 Rhd8 27. Rad1 Na5 28. b3 Nc6 29. Kf2 Nb4 30. a3 Nc2 31. a4 Nb4 32. Ke3 Nc2+ 33. Kf3 Nb4 34. Na2 Nc6 35. Ke3 Na5 36.
Nc1 Rc8 37. Kxd4 1-0

[Event "*** Titled Tuesday Blitz"]
[Site "Chess.com"]
[Date "2021.03.02"]
[Round "1"]
[White "hermionegrangermagic"]
[Black "Nayemhaque22"]
[Result "1-0"]
[WhiteElo "2600"]
[BlackElo "2297"]
[TimeControl "180+1"]
[EndTime "10:06:53 PST"]
[Termination "hermionegrangermagic won by resignation"]

1. e4 c6 2. d4 d5 3. exd5 cxd5 4. c4 Nf6 5. Nc3 Nc6 6. Bg5 dxc4 7. Bxc4 h6 8. Be3 e6 9. Nf3 Be7 10. a3 O-O 11. O-O a6 12. Rc1 b5 13.
Ba2 Bb7 14. d5 exd5 15. Nxd5 Nxd5 16. Bxd5 Na5 17. Bxb7 Nxb7 18. Ne5 Bf6 19. Nd7 Re8 20. Qd5 Bxb2 21. Rc2 Re7 22. Rd1 Rc8 23. Rxb2 Rc7 24. Nf6+ gxf6 25. Qxd8+ Nxd8 26. Rxd8+ Kg7 27. g3 h5 28. Rd3 h4 29. Kg2 h3+ 30. Kxh3 Rc4 31. Kg2 Rec7 32. Rb4 Rc3 33. Rxc3 Rxc3 34. a4 Rc4 35.
Rxc4 bxc4 36. Kf3 Kg6 37. Ke4 1-0

[Event "*** Titled Tuesday Blitz"]
[Site "Chess.com"]
[Date "2021.03.02"]
[Round "1"]
[White "gumimis"]
[Black "albi1999"]
[Result "0-1"]
[WhiteElo "2282"]
[BlackElo "2594"]
[TimeControl "180+1"]
[EndTime "10:06:53 PST"]
[Termination "albi1999 won by resignation"]

1. e4 e5 2. Nf3 Nc6 3. Bb5 a6 4.
Ba4 b5 5. Bb3 Na5 6. Nxe5 Nxb3 7.
axb3 Qe7 8. d4 d6 9. Nf3 Qxe4+ 10. Be3 Bb7 11. O-O Be7 12. Re1 Qg6 13. d5 Nf6 14. Nc3 b4 15. Na4 Bxd5 16. Bd4 Bb7 17. Qe2 Ne4 18.
Nd2 O-O 19. Nxe4 c5 20. Be3 Bxe4 21. f3 Bb7 22. Bxc5 dxc5 23. Qxe7 Bxf3 24. g3 Qxc2 25. Re2 Qxe2 26. Qxe2 Bxe2 27. Nxc5 Rfc8 28. Ne4 Rc6 29. Ra4 a5 30. Ra1 Bf3 31. Nd2 Bd5 32. Kf2 h5 33.
Ke3 Be6 34. h4 Rc2 0-1

[Event "*** Titled Tuesday Blitz"]
[Site "Chess.com"]
[Date "2021.03.02"]
[Round "1"]
[White "yuki_chess123"]
[Black "PrinceMurad09"]
[Result "1-0"]
[WhiteElo "2224"]
[BlackElo "2517"]
[TimeControl "180+1"]
[EndTime "10:06:53 PST"]
[Termination "yuki_chess123 won by resignation"]

1. Nf3 c5 2. e4 d6 3. Bb5+ Nd7 4.
c4 g6 5. Nc3 Bg7 6. d4 cxd4 7.
Nxd4 a6 8. Bxd7+ Bxd7 9. Be3 Rc8 10. Qe2 Qc7 11. b3 b5 12. Nd5 Qa5+ 13. b4 Qa3 14.
cxb5 e6 15. O-O exd5 16. exd5 axb5 17. Bc1+ Kf8 18. Bxa3 Bxd4 19. Bb2 Bf6 20. Bxf6 Nxf6 21. Qb2 Kg7 22. Rac1 h5 23. h3 g5 24. Qd4 Kg6 25.
f4 g4 26. f5+ Kg7 27. h4 Rxc1 28. Rxc1 Re8 29. Qf4 Nh7 30. f6+ Kg6 31. Qxd6 Bf5 32. Rf1 Bd3 33. Rf2 Re3 34. g3 Be4 35. Kh2 Re1 36.
Rg2 Nxf6 37. Qf4 Bxg2 38. Kxg2 Nxd5 39. Qg5+ Kh7 40. Qxd5 Re2+ 41. Kf1 Rb2 42. Qxh5+ Kg8 43. Qxg4+ Kf8 44. Qc8+ Kg7 45. Qc3+ f6 46. Qxb2 Kg6 47.
Qc3 1-0

[Event "*** Titled Tuesday Blitz"]
[Site "Chess.com"]
[Date "2021.03.02"]
[Round "1"]
[White "Kotofeyca"]
[Black "Azeryahu"]
[Result "0-1"]
[WhiteElo "2392"]
[BlackElo "2724"]
[TimeControl "180+1"]
[EndTime "10:06:54 PST"]
[Termination "Azeryahu won on time"]

1. d4 Nf6 2. c4 g6 3. f3 Nc6 4. e4 d6 5. Nc3 Bg7 6. Be3 a6 7. Nge2 O-O 8. a3 Rb8 9. b4 b5 10. cxb5 axb5 11. d5 Ne5 12. Nd4 Bd7 13. Ncxb5 e6 14.
dxe6 fxe6 15. Qb3 d5 16. Rc1 c6 17. Nc3 c5 18. Nc2 d4 19. Nxd4 cxd4 20. Bxd4 Nxe4 21. Nxe4 Nxf3+ 22. gxf3 Bxd4 23. Bc4 Qh4+ 24. Ng3 Kh8 25. Rd1 Bc6 26. Be2 e5 27. Qc4 Rbc8 28. Qd3 Rcd8 29. Qc2 Bxf3 30. Bxf3 Rxf3 31. Rd3 Rf2 32. Qb3 Rxh2 33.
Rxh2 Qxh2 0-1

[Event "*** Titled Tuesday Blitz"]
[Site "Chess.com"]
[Date "2021.03.02"]
[Round "1"]
[White "dcremisi"]
[Black "HanSchut"]
[Result "1-0"]
[WhiteElo "2548"]
[BlackElo "2231"]
[TimeControl "180+1"]
[EndTime "10:06:54 PST"]
[Termination "dcremisi won by resignation"]

1. d4 Nf6 2. c4 g6 3. Nc3 d5 4.
cxd5 Nxd5 5. e4 Nxc3 6. bxc3 Bg7 7. Bg5 c5 8. Rc1 O-O 9. Nf3 Bg4 10. d5 Qd6 11. Be2 Nd7 12. O-O f5 13. h3 Bxf3 14.
Bxf3 fxe4 15. Bxe4 Qe5 16. Qg4 Nf6 17. Bxf6 exf6 18.
Qe6+ Kh8 19. f4 Qxe6 20. dxe6 Rae8 21. f5 gxf5 22. Bxf5 b6 23. Rcd1 Re7 24. Rd7 Rfe8 25. Rfd1 Bf8 26. Kf2 Kg7 27. R7d3 Kh8 28. Kf3 Kg7 29. Ke4 Rxe6+ 30. Bxe6 Rxe6+ 31. Kf3 Kg6 32. Rd7 Bh6 33. Kf2 a5 34. R1d6 Re3 35. Rd3 Re6 36. R7d6 Re5 37. Rxb6 Rf5+ 38. Rf3 Rd5 39. Rfxf6+ 1-0

[Event "*** Titled Tuesday Blitz"]
[Site "Chess.com"]
[Date "2021.03.02"]
[Round "1"]
[White "IriBu"]
[Black "VladaSviridova"]
[Result "1-0"]
[WhiteElo "2541"]
[BlackElo "2224"]
[TimeControl "180+1"]
[EndTime "10:06:55 PST"]
[Termination "IriBu won on time"]

1. e4 e6 2. d4 d5 3. Nc3 Bb4 4. Ne2 dxe4 5. a3 Bxc3+ 6. Nxc3 Nf6 7. Bg5 h6 8. Bxf6 Qxf6 9. Nxe4 Qf4 10. Bd3 Nc6 11.
g3 Qf5 12. Nd6+ cxd6 13. Bxf5 exf5 14. O-O O-O 15. d5 Ne5 16. f4 Ng4 17. Qd2 Bd7 18. Rfe1 Nf6 19. c4 Ne4 20. Qb4 b6 21. Re2 Rac8 22. Rae1 Rc5 23. a4 h5 24. b3 Rb8 25.
Qa3 a5 26. Rxe4 fxe4 27. Rxe4 Bf5 28. Re7 Kf8 29. Re2 Rd8 30. Qb2 Bg4 31. Re1 Rc7 32. Qf2 Rb8 33. Qe3 Kg8 34. Kg2 f6 35. Qe4 Kf7 36. h3 Bd7 37. Qe7+ Kg8 38. Qxd6 Rbb7 39. Qa3 Bf5 40. Qb2 Re7 41. Rxe7 Rxe7 42. Qf2 Be4+ 43. Kh2 Rb7 44. f5 Kf7 45. g4 hxg4 46. hxg4 Rb8 47. Qd4 Bc2 48. d6 Rh8+ 49. Kg3 Rd8 50. Qd5+ Kf8 51.
Qe6 Re8 52. Qd5 Bxb3 53. d7 Rd8 54. Qd6+ Kf7 55. Qe6+ Kf8 56. Qxb6 1-0

[Event "*** Titled Tuesday Blitz"]
[Site "Chess.com"]
[Date "2021.03.02"]
[Round "1"]
[White "campomania3"]
[Black "Oligan22"]
[Result "0-1"]
[WhiteElo "2161"]
[BlackElo "2519"]
[TimeControl "180+1"]
[EndTime "10:06:55 PST"]
[Termination "Oligan22 won on time"]

1. d4 d5 2. c4 dxc4 3. e3 Nf6 4. Bxc4 e6 5. Nf3 c5 6. O-O a6 7. Nc3 b5 8. Be2 Nbd7 9. a4 b4 10. Nb1 Bb7 11. Nbd2 Be7 12. Nc4 O-O 13. a5 Qb8 14.
Nce5 Rd8 15. Bd2 Nxe5 16. dxe5 Ne4 17. Qc1 Nxd2 18. Nxd2 Qxe5 19. Nc4 Qg5 20. g3 Bf6 21. f3 Qf5 22. e4 Qg6 23. Kg2 h5 24. Qf4 h4 25. Rfd1 Rd4 26. Rxd4 Bxd4 27. Rd1 hxg3 28. hxg3 e5 29. Nxe5 Bxe5 30. Qxe5 Qc6 31. Bc4 Rf8 32. Bd5 Qc8 33. Bxb7 Qxb7 34. Qxc5 Rc8 35. Qd4 Qb5 36. Rd2 Qxa5 0-1

[Event "*** Titled Tuesday Blitz"]
[Site "Chess.com"]
[Date "2021.03.02"]
[Round "1"]
[White "Synctel"]
[Black "oganromchess"]
[Result "0-1"]
[WhiteElo "2018"]
[BlackElo "2487"]
[TimeControl "180+1"]
[EndTime "10:06:55 PST"]
[Termination "oganromchess won on time"]

1. e4 e6 2. d4 d5 3. Nd2 Nf6 4.
e5 Nfd7 5. Bd3 c5 6. c3 Nc6 7. Ngf3 b6 8. a3 g5 9. h3 h5 10. Nf1 Rg8 11. g4 h4 12. Be3 Bb7 13. Qd2 Be7 14. N1h2 f6 15. exf6 Bxf6 16. O-O e5 17. dxe5 Ndxe5 18. Bf5 Nxf3+ 19. Nxf3 d4 20. cxd4 cxd4 21.
Nxd4 Nxd4 22. Bxd4 Qxd4 23. Qe2+ Qe5 24. Qc4 Qd5 25. Rfe1+ Kf8 26. Qb4+ Qc5 27. Qb3 Bd4 28. Re2 Qd5 29. Qxd5 Bxd5 0-1

[Event "*** Titled Tuesday Blitz"]
[Site "Chess.com"]
[Date "2021.03.02"]
[Round "1"]
[White "tk22h"]
[Black "Abund"]
[Result "0-1"]
[WhiteElo "2352"]
[BlackElo "2674"]
[TimeControl "180+1"]
[EndTime "10:06:57 PST"]
[Termination "Abund won by resignation"]

1. c4 Nf6 2. Nc3 g6 3. e4 e5 4. Nf3 Nc6 5. d4 exd4 6. Nxd4 Bg7 7. Be3 d6 8. Be2 O-O 9. O-O Re8 10. f3 Ne5 11.
Qd2 c6 12. Rad1 Qc7 13. Rfe1 a6 14. Bf1 b5 15. cxb5 axb5 16. a3 Bb7 17. Bf2 Nc4 18.
Bxc4 bxc4 19. Nc2 Rad8 20. Bg3 Qb6+ 21. Ne3 d5 22. Bf2 dxe4 23. Nxc4 Rxd2 24. Bxb6 Rxd1 25. Rxd1 exf3 26. gxf3 Nd5 27. Bd4 Bf8 28. Nxd5 cxd5 29. Ne3 h5 30. Kf2 Bd6 31. Nf1 Ba6 32. Bc3 Re2+ 33. Kg1 Bc5+ 34. Kh1 Rf2 35. Ng3 h4 36.
Be1 hxg3 37. Bxf2 gxf2 38. Kg2 f1=Q+ 39. Rxf1 Bxf1+ 40. Kxf1 Kf8 0-1

[Event "*** Titled Tuesday Blitz"]
[Site "Chess.com"]
[Date "2021.03.02"]
[Round "1"]
[White "Vandros57"]
[Black "Skat2704"]
[Result "0-1"]
[WhiteElo "2247"]
[BlackElo "2557"]
[TimeControl "180+1"]
[EndTime "10:06:57 PST"]
[Termination "Skat2704 won on time"]

1. d4 d5 2. Nf3 Nf6 3. c4 e6 4.
Nc3 Be7 5. Bg5 O-O 6. e3 h6 7. Bxf6 Bxf6 8. Rc1 b6 9. Bd3 Bb7 10. O-O c5 11. cxd5 exd5 12. dxc5 bxc5 13. Na4 c4 14.
Bb1 Na6 15. Nc3 Qa5 16. Nd4 Rfd8 17. Nf5 Nc5 18. Qg4 Kf8 19. h4 Ne6 20. h5 d4 21.
Nxd4 Nxd4 22. exd4 Rxd4 23. Qf5 Qxf5 24. Bxf5 Rf4 25.
Bc2 Rg4 26. f3 Rh4 27. Ne2 Rxh5 28. Be4 Bxe4 29. fxe4 Rc5 30. Nf4 Re8 31. Rc2 Rxe4 32. g3 Kg8 33. Kg2 Bg5 34. Rfc1 Bxf4 35. Kf3 Bxc1 36.
Kxe4 Bg5 0-1

[Event "*** Titled Tuesday Blitz"]
[Site "Chess.com"]
[Date "2021.03.02"]
[Round "1"]
[White "Steven_Rojas"]
[Black "kuban1991"]
[Result "0-1"]
[WhiteElo "2462"]
[BlackElo "2939"]
[TimeControl "180+1"]
[EndTime "10:06:58 PST"]
[Termination "kuban1991 won by resignation"]

1. c4 g6 2. g3 Bg7 3. Bg2 c5 4.
Nc3 Nc6 5. Nf3 e6 6. O-O Nge7 7. d4 cxd4 8. Nb5 Nf5 9. g4 a6 10. Na3 Nh4 11. Nxh4 Qxh4 12. h3 f5 13. e3 fxg4 14. hxg4 h5 15. g5 O-O 16. Nc2 Qxg5 17. exd4 Qh4 18. d5 Ne5 19. Ne3 Bh6 20. dxe6 dxe6 21. Qd6 Bf4 22. Qxf8+ Kxf8 23. Rd1 Bd7 24. Bxb7 Bxe3 25.
Bxe3 Rb8 26. Bg2 Bc6 27. Rd4 Qe7 28. Rf4+ Kg8 29. Bh3 Rf8 30. Rd1 Nf3+ 31. Kf1 Rxf4 32. Bxf4 Qf6 33. Be3 Nh2+ 34. Ke1 Ng4 35. Bc5 Qe5+ 36.
Kf1 Qxc5 37. Bxg4 hxg4 38. Rd5 Qxc4+ 0-1

[Event "*** Titled Tuesday Blitz"]
[Site "Chess.com"]
[Date "2021.03.02"]
[Round "1"]
[White "MITerryble"]
[Black "HackingKid98"]
[Result "1-0"]
[WhiteElo "2932"]
[BlackElo "2459"]
[TimeControl "180+1"]
[EndTime "10:06:59 PST"]
[Termination "MITerryble won on time"]

1. e4 c6 2. Nf3 d5 3. exd5 cxd5 4. Ne5 Nf6 5. d4 Bf5 6. c3 e6 7. g4 Be4 8. f3 Bxb1 9. Rxb1 Nfd7 10. Nd3 Nc6 11.
Bf4 Be7 12. Be2 Bh4+ 13. Kf1 O-O 14. Kg2 Re8 15. Bg3 Bxg3 16. hxg3 e5 17. dxe5 Ndxe5 18. Nf4 d4 19. c4 Qd6 20. Nd5 Rad8 21. f4 Nd7 22. Bf3 Nf6 23. Qd3 g6 24. c5 Qe6 25.
Rbe1 Qxd5 26. Bxd5 Nxd5 27. Rxe8+ Rxe8 28. Qb3 Ne3+ 29. Kh3 Rd8 30. Qxb7 1-0

[Event "*** Titled Tuesday Blitz"]
[Site "Chess.com"]
[Date "2021.03.02"]
[Round "1"]
[White "Eltaj_Safarli"]
[Black "guillembaches"]
[Result "1-0"]
[WhiteElo "2913"]
[BlackElo "2456"]
[TimeControl "180+1"]
[EndTime "10:06:59 PST"]
[Termination "Eltaj_Safarli won on time"]

1. e4 c5 2. Nc3 Nc6 3. Bb5 e6 4.
Bxc6 bxc6 5. d3 d5 6. f4 Nf6 7. Nf3 c4 8. e5 Nd7 9. dxc4 Ba6 10. O-O Bxc4 11. Re1 Bc5+ 12. Kh1 O-O 13. b3 Ba6 14. Na4 Bf2 15. Be3 Bxe1 16. Qxe1 f6 17. Nc5 Nxc5 18.
Bxc5 Rf7 19. Nd4 Qd7 20. f5 Re8 21. fxe6 Rxe6 22. Nxe6 Qxe6 23. exf6 Qxe1+ 24. Rxe1 Rxf6 25. Kg1 Kf7 26. Re7+ Kg6 27. h3 Rf1+ 28. Kh2 Rc1 29. Rxa7 Rxc2 30. Rxa6 Rxc5 31. b4 Rb5 32. Rxc6+ Kf5 33.
a3 d4 34. Kg1 Ke4 35. Kf2 Kd3 36. Rc7 Rf5+ 37. Kg3 Rg5+ 38. Kf3 Kd2 39. a4 d3 40. b5 Rf5+ 41. Ke4 g6 42. b6 Ke2 43. b7 d2 44. Rc2 Ke1 45. Rxd2 1-0

[Event "*** Titled Tuesday Blitz"]
[Site "Chess.com"]
[Date "2021.03.02"]
[Round "1"]
[White "DvaHrasta"]
[Black "kingofthenil"]
[Result "0-1"]
[WhiteElo "2432"]
[BlackElo "2846"]
[TimeControl "180+1"]
[EndTime "10:06:59 PST"]
[Termination "kingofthenil won by resignation"]

1. c4 Nf6 2. g3 e6 3. Bg2 d5 4. Nf3 Be7 5. O-O O-O 6. d4 c6 7. b3 b6 8. Nc3 Ba6 9. Ne5 Nfd7 10. cxd5 cxd5 11. f4 Nxe5 12. fxe5 Nc6 13. Be3 Rc8 14.
Rc1 Ba3 15. Rc2 Nb4 16. Rf4 Nxc2 17. Qxc2 Bb4 18. Bd2 Qc7 19. Rf3 Bxe2 20. Re3 Bh5 21. Qb2 Qe7 22. h4 Rc6 23. Nb5 Rfc8 24. Nd6 Bxd2 25.
Qxd2 Rc1+ 26. Kh2 R8c2 27. Qb4 Rxa2 28. Rc3 Rxc3 29. Qxc3 h6 30. Kg1 Bg6 31. Bf1 Rc2 32.
Qb4 Qc7 33. Qb5 Qc3 0-1

[Event "*** Titled Tuesday Blitz"]
[Site "Chess.com"]
[Date "2021.03.02"]
[Round "1"]
[White "Eloist"]
[Black "Goryachkina"]
[Result "0-1"]
[WhiteElo "2351"]
[BlackElo "2673"]
[TimeControl "180+1"]
[EndTime "10:06:59 PST"]
[Termination "Goryachkina won on time"]

1. e4 c6 2. Nf3 d5 3. Nc3 dxe4 4. Nxe4 Nf6 5. Qe2 Nxe4 6. Qxe4 Qa5 7. Bc4 Bf5 8. Qe5 Qxe5+ 9. Nxe5 e6 10. d3 Bd6 11.
f4 h6 12. O-O Nd7 13. Nxd7 Kxd7 14. Bd2 g5 15. Bc3 Rhg8 16. fxg5 hxg5 17. Rae1 g4 18.
Be5 Bxe5 19. Rxe5 Rg7 20. c3 Rh8 21. g3 Rgh7 22. Rf2 Rh5 23. d4 Bg6 24. Rxh5 Rxh5 25. Be2 Rg5 26. Rf4 Bf5 27. Kf2 Kd6 28. Ke3 f6 29.
Bd3 Bxd3 30. Kxd3 f5 31. c4 c5 32. a3 Rh5 33. Rf2 cxd4 34. Kxd4 e5+ 35. Kc3 Ke6 36. b4 Rh3 37. Kb2 e4 38. c5 Ke5 0-1

[Event "*** Titled Tuesday Blitz"]
[Site "Chess.com"]
[Date "2021.03.02"]
[Round "1"]
[White "Klavdia_Nik"]
[Black "WPWPWP-2015"]
[Result "0-1"]
[WhiteElo "2067"]
[BlackElo "2499"]
[TimeControl "180+1"]
[EndTime "10:06:59 PST"]
[Termination "WPWPWP-2015 won on time"]

1. Nf3 Nf6 2. c4 c5 3. b3 b6 4. g3 Bb7 5. Bg2 e6 6. Bb2 Be7 7. O-O O-O 8. d4 d6 9. Nc3 Nbd7 10. e3 a6 11. Re1 Rc8 12. e4 cxd4 13. Nxd4 Rc7 14.
Qd2 Qa8 15. Rad1 Rd8 16. h3 Nc5 17. Qe3 Ncd7 18. g4 Nf8 19. Nde2 N6d7 20. Ng3 Ng6 21. g5 Re8 22. Kh2 Qd8 23. f4 f6 24. gxf6 Nxf6 25. Na4 b5 26. cxb5 axb5 27. Nc3 b4 28. Na4 Rc2 29.
Rd2 Qc7 30. Ree2 Rxd2 31. Rxd2 Bc6 32. f5 Ne5 33. fxe6 Bxa4 34. bxa4 Nc4 0-1

[Event "*** Titled Tuesday Blitz"]
[Site "Chess.com"]
[Date "2021.03.02"]
[Round "1"]
[White "elcandado"]
[Black "andrzej"]
[Result "0-1"]
[WhiteElo "2624"]
[BlackElo "2345"]
[TimeControl "180+1"]
[EndTime "10:07:00 PST"]
[Termination "andrzej won on time"]

1. d4 Nf6 2. Bf4 d5 3. e3 e6 4. Nd2 Bd6 5. Bg3 c5 6. c3 Qc7 7. dxc5 Qxc5 8. Ngf3 O-O 9. Bd3 Nbd7 10. e4 dxe4 11.
Nxe4 Nxe4 12. Bxe4 Bxg3 13. hxg3 Nf6 14. Qe2 Rd8 15.
Ne5 Nxe4 16. Qxe4 f5 17. Qe2 b6 18. O-O Bb7 19. Rfe1 Qd5 20. Nf3 Re8 21. c4 Qc5 22. b3 Rad8 23. Rad1 Rxd1 24. Rxd1 e5 25. Rd7 Bc6 26.
Rxa7 e4 27. b4 Qd6 28. Ng5 e3 29. f4 Qd2 30. Kf1 Qc1+ 31. Qe1 Bxg2+ 32. Ke2 Qc2+ 0-1

[Event "*** Titled Tuesday Blitz"]
[Site "Chess.com"]
[Date "2021.03.02"]
[Round "1"]
[White "ChessWarrior3"]
[Black "Misha_Bilous"]
[Result "0-1"]
[WhiteElo "2105"]
[BlackElo "2509"]
[TimeControl "180+1"]
[EndTime "10:07:00 PST"]
[Termination "Misha_Bilous won by checkmate"]

1. e4 c5 2. Nf3 d6 3. d4 cxd4 4. Nxd4 Nf6 5. Nc3 a6 6. f3 e5 7. Nb3 Be6 8. Be3 h5 9. Qd2 Nbd7 10. O-O-O Be7 11. Kb1 Rc8 12. h4 Nb6 13. Qf2 Nc4 14.
Bxc4 Rxc4 15. Bb6 Qc8 16. Nd5 Nxd5 17. exd5 Bf5 18. Rc1 O-O 19. Qd2 Qd7 20. Be3 Rfc8 21. Na1 e4 22. Bg5 Bd8 23. Bxd8 Qxd8 24. fxe4 Bxe4 25. b3 Rc3 26. Rhf1 Qa5 27. Kb2 Qxd5 28. Qxc3 Rxc3 29. Kxc3 Qe5+ 30. Kd2 Bxg2 31. Rfe1 Qd4+ 32. Ke2 Qxh4 33. Kd3 Bc6 34. c4 Qg3+ 35. Kc2 h4 36. Kb2 h3 37. Red1 h2 38. Rc3 Qg2+ 39. Rc2 h1=Q 40.
Rxd6 Qgg1 41. Rd8+ Kh7 42. Rd4 Qxa1+ 43. Ka3 Qxd4 44.
c5 a5 45. Rc4 Qxc4 46. bxc4 Qe1 47. Kb3 Qb4+ 48. Kc2 Be4+ 49. Kc1 Qc3+ 50. Kd1 Bf3# 0-1

[Event "*** Titled Tuesday Blitz"]
[Site "Chess.com"]
[Date "2021.03.02"]
[Round "1"]
[White "sergeikim"]
[Black "WilliamSchill"]
[Result "1-0"]
[WhiteElo "2506"]
[BlackElo "2105"]
[TimeControl "180+1"]
[EndTime "10:07:01 PST"]
[Termination "sergeikim won on time"]

1. d4 Nf6 2. c4 g6 3. Nc3 Bg7 4. e4 d6 5. Nge2 O-O 6. Ng3 e5 7. d5 Ng4 8. h3 Nh6 9. Bd3 f5 10. exf5 Nxf5 11. Nxf5 gxf5 12. Qh5 Qe8 13. Qxe8 Rxe8 14.
f3 Na6 15. Be3 e4 16. fxe4 fxe4 17. Be2 Nb4 18. Kd2 a5 19. g4 Bd7 20. Raf1 c6 21. a3 cxd5 22. cxd5 Na6 23. Rf4 Nc5 24. Bxc5 dxc5 25.
Bc4 Bxc3+ 26. bxc3 b5 27. Bb3 e3+ 28. Ke2 c4 29. Bc2 b4 30. cxb4 axb4 31. axb4 Ra2 32.
Rc1 Ba4 33. Rxc4 1-0